Map: Catalyst LE

Players

pillOw (Nina)

  • Race: Protoss Protoss
  • League: Grandmaster
  • Spawn Location: 11:00

SpeCial - Winner!

  • Race: Terran Terran
  • League: Master
  • Spawn Location: 5:00

VOD

Have the link to the VOD?

Description

Time

  • Played on: Feb. 2, 2018, 5:16 p.m.
  • Length: 8:37
Show
View Real Time Build Order
Export as new Build Order

pillOw Protoss 

Build Orders: 1 Gate Expand, Blink Stalkers, Zealot Archon, Archon Drop 

Get SALT Encoding   

  12  0:00  Probe  
  13  0:12  Probe  
  14  0:17  Pylon  
  14  0:24  Probe (Chrono Boost)  
  15  0:37  Probe (Chrono Boost)  
  15  0:38  Gateway  
  16  0:45  Probe (Chrono Boost)  
  16  0:48  Assimilator  
  17  0:51  Probe  
  18  1:03  Probe  
  19  1:15  Probe  
  20  1:24  Nexus  
  20  1:36  Cybernetics Core  
  20  1:40  Probe  
  21  1:47  Assimilator  
  21  1:52  Probe  
  22  1:58  Pylon  
  22  2:04  Probe  
  23  2:13  Warp Gate  
  23  2:15  Stalker (Chrono Boost)  
  23  2:16  Probe  
  26  2:29  Probe  
  26  2:38  Probe, Stalker  
  26  2:42  Probe (Chrono Boost)  
  26  2:43  Twilight Council  
  30  2:50  Probe (Chrono Boost)  
  31  2:55  Probe (Chrono Boost)  
  33  3:00  Probe (Chrono Boost)  
  33  3:03  Probe (Chrono Boost)  
  34  3:07  Probe (Chrono Boost)  
  34  3:08  Probe (Chrono Boost)  
  36  3:14  Blink (Chrono Boost)  
  36  3:16  Probe  
  36  3:19  Probe  
  38  3:25  Gateway  
  38  3:28  Probe  
  38  3:31  Gateway  
  39  3:36  Stalker  
  41  3:48  Robotics Facility  
  40  3:52  Probe  
  40  3:55  Probe  
  40  3:59  Pylon  
  41  4:04  Probe  
  41  4:05  Assimilator  
  41  4:07  Assimilator  
  41  4:08  Probe  
  43  4:10  Dark Shrine  
  43  4:17  Probe  
  44  4:19  Stalker  
  44  4:20  Probe  
  47  4:25  Stalker  
  47  4:29  Probe  
  50  4:32  Probe, Gateway  
  50  4:37  Observer (Chrono Boost)  
  50  4:38  Stalker  
  54  4:46  Pylon  
  54  4:51  Pylon  
  54  5:02  Warp Prism (Chrono Boost)  
  54  5:04  Probe x2  
  54  5:06  Pylon  
  58  5:09  Stalker  
  58  5:10  Stalker  
  62  5:15  Stalker  
  62  5:16  Probe  
  65  5:28  Probe  
  66  5:33  Nexus  
  65  5:50  Dark Templar x4  
  65  5:53  Archon x2  
  73  5:57  Pylon  
  73  5:59  Pylon  
  73  6:23  Probe  
  66  6:30  Charge (Chrono Boost)  
  66  6:32  Immortal (Chrono Boost)  
  69  6:35  Gateway  
  69  6:38  Gateway  
  69  6:41  Gateway  
  69  6:42  Dark Templar  
  69  6:43  Dark Templar x2  
  69  6:44  Gateway  
  69  6:46  Dark Templar  
  76  6:47  Archon  
  76  6:50  Archon  
  76  6:51  Probe  
  76  6:52  Probe  
  78  6:55  Probe  
  78  6:59  Forge  
  79  7:04  Probe  
  79  7:06  Gateway  
  80  7:12  Probe  
  80  7:14  Immortal (Chrono Boost)  
  85  7:15  Sentry  
  85  7:16  Sentry  
  85  7:17  Probe  
  90  7:23  Sentry  
  90  7:34  Shield Battery  
  90  7:38  Pylon  
  89  7:52  Zealot x6  
  89  7:57  Zealot x2  
Show
View Real Time Build Order
Export as new Build Order

SpeCial Terran - Winner!

Build Orders: Reaper Expand, MMM Bio 

Get SALT Encoding   

  12  0:00  SCV  
  13  0:12  SCV  
  14  0:18  Supply Depot  
  14  0:24  SCV  
  15  0:39  SCV  
  15  0:40  Barracks  
  16  0:44  Refinery  
  16  0:52  SCV  
  17  1:04  SCV  
  18  1:16  SCV  
  19  1:27  Reaper  
  19  1:28  Orbital Command  
  20  1:42  Command Center  
  20  1:54  SCV  
  20  1:55  Supply Depot  
  20  1:59  Marine  
  22  2:06  Factory  
  22  2:10  SCV  
  23  2:16  Refinery  
  23  2:21  Barracks Reactor  
  23  2:23  SCV  
  24  2:35  SCV  
  25  2:47  SCV  
  25  2:50  Hellion, Starport  
  28  2:55  Orbital Command  
  28  2:57  Marine x2  
  30  2:59  SCV  
  31  3:11  Factory Tech Lab  
  32  3:12  SCV  
  32  3:15  Marine x2  
  34  3:21  SCV  
  34  3:23  Supply Depot  
  34  3:24  SCV  
  36  3:33  SCV  
  36  3:34  Marine x2  
  37  3:37  SCV  
  40  3:41  Raven  
  40  3:43  Factory Tech Lab  
  40  3:45  SCV  
  42  3:49  SCV  
  43  3:56  Supply Depot, Marine x2  
  43  3:58  SCV  
  43  4:01  SCV  
  43  4:02  Siege Tank  
  48  4:07  Barracks  
  48  4:10  SCV  
  48  4:13  SCV, Barracks  
  48  4:14  Marine x2  
  52  4:21  Supply Depot, Engineering Bay  
  52  4:22  SCV  
  53  4:25  SCV  
  54  4:32  Bunker  
  54  4:33  Refinery  
  54  4:34  SCV  
  54  4:35  Siege Tank  
  58  4:39  SCV  
  59  4:46  SCV  
  59  4:48  Terran Infantry Weapons Level 1  
  59  4:49  Marine  
  59  4:52  SCV  
  62  4:56  Supply Depot  
  62  4:58  SCV, Stimpack  
  63  5:04  SCV  
  63  5:07  Supply Depot, Marine  
  64  5:08  Refinery  
  64  5:10  SCV, Marine x2  
  64  5:14  Starport Reactor  
  68  5:16  SCV  
  69  5:21  Factory Reactor  
  69  5:22  SCV  
  69  5:24  Marauder  
  69  5:26  Marauder  
  69  5:28  Marine x2  
  75  5:31  Barracks  
  75  5:35  Supply Depot  
  75  5:37  Barracks  
  75  5:44  SCV  
  75  5:46  Marine x2  
  75  5:47  Marauder x2  
  82  5:50  Supply Depot  
  82  5:52  Medivac x2  
  82  5:55  Combat Shields  
  86  5:59  Supply Depot  
  86  6:01  Widow Mine  
  88  6:04  Missile Turret  
  88  6:05  Widow Mine  
  88  6:08  SCV  
  88  6:09  SCV  
  91  6:18  Marine x2  
  91  6:19  Marauder  
  85  6:25  Medivac x2  
  85  6:27  Widow Mine x2  
  85  6:31  SCV x2  
  93  6:36  Marine  
  93  6:37  Marine  
  93  6:38  Marine x2, Marauder  
  99  6:40  Marauder  
  101  6:49  Missile Turret  
  101  6:53  SCV  
  102  7:02  Barracks Tech Lab x2  
  102  7:06  Concussive Shells  
  102  7:26  Supply Depot x2  
  102  7:31  Supply Depot  
  102  7:36  Command Center  
  102  7:40  Marine x2, Marauder x3  
  110  7:47  Widow Mine x2, SCV, Marauder  
  115  7:57  Marine x2  
  117  8:01  Marauder x2  
  112  8:09  Widow Mine  
  112  8:12  Marine  
  107  8:13  Marauder  
  107  8:14  Widow Mine  
  108  8:15  Marine x2  
Tags
 
Add a new tag
Caveats
  • Supply blocks, unpowered buildings, or Contaminate may cause inaccurate times.
  • Supply counts are checked every 10 seconds.